AoeStats
← niklas

Arabia

508295281Analyzed
2v2 RM · 11d ago on Sep 21, 2026· 26m 11s· 4 players
Game mode
Random Map
Map size
Medium (4 player)
Population
200
Speed
Normal
Resources
Standard
Victory
Conquest
Starting age
Dark Age
Ending age
Imperial Age
RankedLock teamsTeams togetherTeam positionsShared explorationLock speedFull tech treeHidden civsTurbo modeCheats
Victory
Defeat
🇩🇪 Portuguese · Germany
802
+14
🇩🇪 Spanish · Germany
773
+15
🇲🇽 Jurchens · Mexico
802
-16
🇩🇰 Spanish · Denmark
705
-13
flixy
11:34 Feudal Age
15:22 Castle Age
16:53 Double-Bit Axe
21:19 Horse Collar
22:05 Loom
22:58 Wheelbarrow
22:11 Town Watch
niklas
7:55 Loom
11:38 Feudal Age
12:54 Horse Collar
15:21 Castle Age
13:10 Horse Collar
14:42 Double-Bit Axe
14:56 Stone Mining
17:26 Wheelbarrow
17:33 Heavy Plow
19:05 Gold Mining
19:53 Padded Archer Armor
24:00 Hand Cart
DULERTREE
13:14 Feudal Age
12:00 Loom
13:52 Double-Bit Axe
14:01 Gold Mining
20:13 Forging
20:01 Horse Collar
23:43 Fletching
23:54 Padded Archer Armor
Fatt Damon
9:59 Feudal Age
13:44 Double-Bit Axe
19:19 Castle Age
17:29 Horse Collar
20:44 Pikeman
21:36 Squires
24:23 Elite Skirmisher
Connection lost

Rejoining the realm…

Still unreachable

The connection could not be restored.

Session expired

The server has moved on; the page needs a fresh start.